 Dungeon Crawl Stone Soup version 0.23.1-37-gaa34b87 (webtiles) character file.

Game seed: 12742337935543529694

150 redwoodhats the Insei (level 5, -3/40 HPs)
             Began as a Gnoll Transmuter on Mar 21, 2019.
             Slain by a scorpion (5 damage)
             ... on level 3 of the Dungeon.
             The game lasted 00:12:25 (2369 turns).

redwoodhats the Insei (Gnoll Transmuter)            Turns: 2369, Time: 00:12:25

Health: -3/40      AC:  2    Str: 12 (14) XL:     5   Next: 32%
Magic:  3/12       EV: 23    Int: 15      God:
Gold:   95         SH:  0    Dex: 17 (20) Spells: 4/14 levels left

rFire    . . .     SeeInvis .     - Unarmed
rCold    . . .     Gourm    .   (shield currently unavailable)
rNeg     . . .     Faith    .   (armour currently unavailable)
rPois    x         Spirit   .   (helmet currently unavailable)
rElec    .         Reflect  .   (cloak currently unavailable)
rCorr    .         Harm     .   (gloves currently unavailable)
MR       .....                  (boots currently unavailable)
Stlth    ++........             (no amulet)
HPRegen  0.13/turn              (no ring)
MPRegen  0.13/turn              (no ring)

@: lethally poisoned (-3 -> -5), spider-form, very slightly contaminated
A: tiny, distributed training, strong nose
a: End Transformation


You were on level 3 of the Dungeon.
You were not hungry.
You were a venomous arachnid creature.
You visited 1 branch of the dungeon, and saw 3 of its levels.

You collected 95 gold pieces.

Inventory:

Hand Weapons
 i - a +1 spear of flaming (melded)
Missiles
 a - 41 arrows
 f - 3 tomahawks (quivered)
Armour
 b - a +0 robe (melded)
 j - a +0 cloak (melded)
Jewellery
 m - an uncursed amulet of magic regeneration {unknown}
Scrolls
 c - 3 scrolls of identify
 e - a scroll of remove curse
 g - a scroll of enchant armour
 h - a scroll of teleportation
Potions
 k - a potion of flight {unknown}
Comestibles
 d - 4 rations


   Skills:
 + Level 2.9 Fighting
 + Level 1.4 Short Blades
 + Level 1.4 Long Blades
 + Level 1.4 Axes
 + Level 1.4 Maces & Flails
 + Level 1.4 Polearms
 + Level 1.4 Staves
 + Level 1.4 Slings
 + Level 1.4 Bows
 + Level 1.4 Crossbows
 + Level 1.4 Throwing
 + Level 1.4 Armour
 + Level 4.7 Dodging
 + Level 1.4 Stealth
 + Level 1.4 Shields
 + Level 6.7 Unarmed Combat
 + Level 5.2 Spellcasting
 + Level 1.1 Conjurations
 + Level 1.1 Hexes
 + Level 1.1 Charms
 + Level 1.1 Summonings
 + Level 1.1 Necromancy
 + Level 1.1 Translocations
 + Level 3.9 Transmutations
 + Level 1.1 Fire Magic
 + Level 1.1 Ice Magic
 + Level 1.1 Air Magic
 + Level 1.1 Earth Magic
 + Level 1.1 Poison Magic
 + Level 1.6 Invocations
 + Level 1.4 Evocations


You had 4 spell levels left.
You knew the following spells:

 Your Spells              Type           Power        Failure   Level  Hunger
a - Beastly Appendage     Tmut           ###...       11%         1    None
b - Sticks to Snakes      Tmut           ###.....     14%         2    ##.....
c - Spider Form           Tmut/Pois      ##........   36%         3    ###....
d - Ice Form              Ice/Tmut       ##......     71%         4    ####...

Your spell library contained the following spells:

 Spells                   Type           Power        Failure   Level  Hunger
 Blade Hands              Tmut           ###.......   83%         5    ######.


Dungeon Overview and Level Annotations

Branches:
Dungeon (3/15)

Altars:
Cheibriados
Okawaru


Innate Abilities, Weirdness & Mutations

Your experience applies equally to all skills.
((You have very sharp teeth.))
Your uncanny sense of smell can sniff out nearby items.


Message History

Confirm with . or Enter, or press ? or * to list all spells.
You create a snake!
You now have 41 arrows.
The scorpion stings you.
* * * LOW HITPOINT WARNING * * *
Casting: Sticks to Snakes (safe; 4% risk of failure)
Confirm with . or Enter, or press ? or * to list all spells.
The spell is very dangerous to cast (50% risk of failure)!
Continue anyway?
You miscast Ice Form.
You are very lightly contaminated with residual magic.
Your skin glows momentarily.
The scorpion stings you.
* * * LOW HITPOINT WARNING * * *
Your adder bites the scorpion.
Casting: Ice Form (very dangerous; 50% risk of failure)
Confirm with . or Enter, or press ? or * to list all spells.
You turn into a venomous arachnid creature.
Your +1 spear of flaming melds into your body.
Your +0 cloak melds into your body.
Your +0 robe melds into your body.
Your +1 spear of flaming stops flaming.
* * * LOW HITPOINT WARNING * * *
You feel sick. The scorpion stings you.
You die...

# .# #.# ### ..##
# #.. ....##
#.#.###....%.
#.#.#ss.......
#.#.#(#S##.#..
###....)#.#.....
#...............
#.#.#.###.......
#.#.#.# ..#.#..
#.#.#.###.......
##.#.#........#
###.....###<..###


You could see a scorpion and a friendly adder.

Vanquished Creatures
  A howler monkey (D:3)
  2 gnolls (D:2)
  2 adders (D:2)
  A worm (D:2)
  A dart slug (D:1)
  5 leopard geckos
  2 orcs (D:3)
  12 bats
  A giant cockroach (D:2)
  2 goblins
  7 hobgoblins
  8 jackals
  7 kobolds
  A quokka (D:2)
  5 frilled lizards
  4 rats
61 creatures vanquished.

Vanquished Creatures (collateral kills)
  A gnoll (D:2)
  3 goblins
  A rat (D:2)
5 creatures vanquished.

Grand Total: 66 creatures vanquished

Notes
Turn   | Place    | Note
-------+----------+-------------------------------------------
     0 | D:1      | redwoodhats the Gnoll Transmuter began the quest for the
                  | Orb.
     0 | D:1      | Reached XP level 1. HP: 17/17 MP: 6/6
   244 | D:1      | Reached XP level 2. HP: 13/23 MP: 5/7
   853 | D:1      | Reached XP level 3. HP: 22/28 MP: 7/9
   903 | D:1      | Learned a level 2 spell: Sticks to Snakes
   907 | D:1      | Learned a level 3 spell: Spider Form
  1112 | D:2      | Reached skill level 5 in Spellcasting
  1167 | D:2      | Reached skill level 1 in Invocations
  1220 | D:2      | Found a faded altar of an unknown god.
  1355 | D:2      | Reached skill level 1 in Short Blades
  1355 | D:2      | Reached skill level 1 in Long Blades
  1355 | D:2      | Reached skill level 1 in Axes
  1355 | D:2      | Reached skill level 1 in Maces & Flails
  1355 | D:2      | Reached skill level 1 in Polearms
  1355 | D:2      | Reached skill level 1 in Staves
  1355 | D:2      | Reached skill level 1 in Slings
  1355 | D:2      | Reached skill level 1 in Bows
  1355 | D:2      | Reached skill level 1 in Crossbows
  1355 | D:2      | Reached skill level 1 in Throwing
  1355 | D:2      | Reached skill level 1 in Armour
  1355 | D:2      | Reached skill level 1 in Stealth
  1355 | D:2      | Reached skill level 1 in Shields
  1355 | D:2      | Reached skill level 1 in Evocations
  1355 | D:2      | Reached XP level 4. HP: 34/34 MP: 1/11
  1614 | D:2      | Found a snail-covered altar of Cheibriados.
  1803 | D:2      | Reached skill level 1 in Conjurations
  1803 | D:2      | Reached skill level 1 in Hexes
  1803 | D:2      | Reached skill level 1 in Charms
  1803 | D:2      | Reached skill level 1 in Summonings
  1803 | D:2      | Reached skill level 1 in Necromancy
  1803 | D:2      | Reached skill level 1 in Translocations
  1803 | D:2      | Reached skill level 1 in Fire Magic
  1803 | D:2      | Reached skill level 1 in Ice Magic
  1803 | D:2      | Reached skill level 1 in Air Magic
  1803 | D:2      | Reached skill level 1 in Earth Magic
  1803 | D:2      | Reached skill level 1 in Poison Magic
  2091 | D:2      | Learned a level 4 spell: Ice Form
  2143 | D:3      | Reached XP level 5. HP: 40/40 MP: 1/12
  2183 | D:3      | Found an iron altar of Okawaru.
  2369 | D:3      | HP: 2/40 [poisoned by a scorpion]
  2369 | D:3      | Slain by a scorpion

Skill      XL: |  1  2  3  4 |
---------------+-------------+-----
Spellcasting   | 5 |  5.2
Invocations    | 1 |  1.6
Short Blades   | 1 |  1.4
Long Blades    | 1 |  1.4
Axes           | 1 |  1.4
Maces & Flails | 1 |  1.4
Polearms       | 1 |  1.4
Staves         | 1 |  1.4
Slings         | 1 |  1.4
Bows           | 1 |  1.4
Crossbows      | 1 |  1.4
Throwing       | 1 |  1.4
Armour         | 1 |  1.4
Stealth        | 1 |  1.4
Shields        | 1 |  1.4
Evocations     | 1 |  1.4
Conjurations   | 1 |  1.1
Hexes          | 1 |  1.1
Charms         | 1 |  1.1
Summonings     | 1 |  1.1
Necromancy     | 1 |  1.1
Translocations | 1 |  1.1
Fire Magic     | 1 |  1.1
Ice Magic      | 1 |  1.1
Air Magic      | 1 |  1.1
Earth Magic    | 1 |  1.1
Poison Magic   | 1 |  1.1
Fighting       | |  2.9
Dodging        | |  4.7
Unarmed Combat | |  6.7
Transmutations | |  3.9

Action                   |  1- 3 |  4- 6 || total
-------------------------+-------+-------++-------
Melee: Unarmed           |    81 |    22 ||   103
       Bite              |     6 |     4 ||    10
       Headbutt          |     1 |       ||     1
       Spear             |     2 |    46 ||    48
       Punch             |       |     1 ||     1
 Cast: Beastly Appendage |    10 |       ||    10
       Sticks to Snakes  |     8 |     5 ||    13
       Spider Form       |     6 |     1 ||     7
       Ice Form          |       |     2 ||     2
  Use: Potion            |     2 |     2 ||     4
       Scroll            |     2 |     1 ||     3
 Stab: Sleeping          |     1 |     1 ||     2
  Eat: Ration            |     1 |     1 ||     2
Armor: Robe              |     9 |     7 ||    16
       Skin              |       |     8 ||     8
Dodge: Dodged            |    56 |    59 ||   115
